 Dungeon Crawl Stone Soup version 0.21-a0-529-g8c7b3f5 (webtiles) character file.

176 slep the Chopper (level 5, -5/27 HPs)
             Began as a Vine Stalker Gladiator on Dec 10, 2017.
             Was an Initiate of Okawaru.
             Slain by an ogre
             ... wielding a +0 giant spiked club
              (21 damage)
             ... on level 4 of the Dungeon.
             The game lasted 00:06:49 (1753 turns).

slep the Chopper (Vine Stalker Gladiator)           Turns: 1753, Time: 00:06:49

Health: -5/27      AC:  4    Str: 18    XL:     5   Next: 56%
Magic:  0/6        EV: 13    Int: 13    God:    Okawaru [......]
Gold:   173        SH:  0    Dex: 15    Spells: 4/4 levels left

rFire    . . .     SeeInvis .   a - +0 war axe
rCold    . . .     Gourm    .   (no shield)
rNeg     . . .     Faith    .   b - +0 leather armour
rPois    .         Spirit   +   j - +1 hat
rElec    .         Reflect  .   (no cloak)
rCorr    .         Harm     .   (no gloves)
MR       .....                  (no boots)
Stlth    +.........             (no amulet)
HPRegen  0.49/turn              (no ring)
MPRegen  0.10/turn              (no ring)

@: brilliant
A: fangs 2, regeneration 1, magic shield, antimagic bite, no potion heal 3, rot
immunity
a: Renounce Religion


You were on level 4 of the Dungeon.
You worshipped Okawaru.
Okawaru was noncommittal.
You were not hungry.

You visited 1 branch of the dungeon, and saw 4 of its levels.

You collected 173 gold pieces.

Inventory:

Hand Weapons
 a - a +0 war axe (weapon)
Missiles
 d - 3 throwing nets (quivered)
Armour
 b - a +0 leather armour (worn)
 c - a +0 helmet
 j - a +1 hat (worn)
Scrolls
 g - a scroll of immolation {unknown}
 h - a scroll of amnesia {unknown}
 i - 2 scrolls of enchant armour {unknown}
 k - 2 scrolls of remove curse {unknown}
 l - 4 scrolls of identify {unknown}
 m - a scroll of enchant weapon {unknown}
 n - 2 scrolls of teleportation {unknown}
 u - a scroll of random uselessness {unknown}
Potions
 e - a potion of curing
 p - a potion of cancellation {unknown}
 q - 2 potions of heal wounds {unknown}
 s - 2 potions of degeneration {unknown}
Comestibles
 f - 2 bread rations
 r - 4 fruits
 t - a chunk of flesh


   Skills:
 + Level 2.5 Fighting
 + Level 4.3 Axes
 + Level 2.0 Throwing
 + Level 0.8 Armour
 + Level 3.0 Dodging
 + Level 0.7 Stealth


You had 4 spell levels left.
You didn't know any spells.

Dungeon Overview and Level Annotations

Branches:
Dungeon (4/15)
 Temple: D:4-7

Altars:
Ashenzari
Gozag
Okawaru
Trog
Uskayaw
Yredelemnul


Innate Abilities, Weirdness & Mutations

You have extremely sharp teeth.
Your natural rate of healing is unusually fast.
When hurt, damage is shared between your health and your magic reserves.
Your bite disrupts and absorbs the magic of your enemies.
Potions cannot restore your health.
You are immune to rotting.


Message History

Found a bread ration.
Found an escape hatch in the ceiling.
Found a stone staircase leading down.
There is a stone staircase leading up here.
It was a potion of curing.
That felt strangely inert.
It was a potion of brilliance.
You feel clever all of a sudden.
You hit the ogre.
The ogre is lightly wounded.
The ogre hits you with a giant spiked club.
You slash the ogre! Your bite misses the ogre.
The ogre is heavily wounded.
The ogre hits you with a giant spiked club!
You hit the ogre. Your bite misses the ogre.
The ogre is severely wounded.
The ogre closely misses you.
You barely miss the ogre.
The ogre is severely wounded.
The ogre hits you with a giant spiked club!!
Ouch! That really hurt!
You die...

#.# #.#
#.# #.#
#<#
##.####.##
.......O.#
#@.# #..#
#>.# #.%#
#..# #..#
#..# #..#


You could see an ogre.

Vanquished Creatures
  2 orc wizards (D:3)
  A worker ant (D:3)
  An adder (D:2)
  An ooze (D:2)
  2 worms (D:2)
  A dart slug (D:2)
  2 leopard geckos
  2 orcs (D:3)
  A ball python (D:2)
  6 giant cockroaches
  7 goblins
  11 hobgoblins
  4 jackals
  6 kobolds
  A quokka (D:3)
  12 bats
  5 frilled lizards
  4 rats
69 creatures vanquished.

Notes
Turn   | Place    | Note
-------+----------+-------------------------------------------
     0 | D:1      | slep the Vine Stalker Gladiator began the quest for the Orb.
     0 | D:1      | Reached XP level 1. HP: 11/11 MP: 2/2
   113 | D:1      | Reached XP level 2. HP: 10/15 MP: 3/3
   131 | D:1      | Reached skill level 3 in Axes
   252 | D:1      | Reached XP level 3. HP: 14/18 MP: 4/4
   593 | D:2      | Found a shattered altar of Ashenzari.
   728 | D:2      | Found a hide-covered altar of Uskayaw.
   763 | D:2      | Gained mutation: Your natural rate of healing is unusually fast. [Vine Stalker growth]
   763 | D:2      | Reached XP level 4. HP: 11/23 MP: 5/5
   835 | D:2      | Found an opulent altar of Gozag.
   885 | D:2      | Found an iron altar of Okawaru.
   885 | D:2      | Found a bloodstained altar of Trog.
   892 | D:2      | Became a worshipper of Warmaster Okawaru
  1315 | D:3      | Reached skill level 4 in Axes
  1315 | D:3      | Reached XP level 5. HP: 10/27 MP: 3/6
  1324 | D:3      | Found a basalt altar of Yredelemnul.
  1747 | D:4      | Noticed an ogre
  1753 | D:4      | Slain by an ogre

Vault maps used:
D:1:      lightli_arrival_statue_moat
D:2:      amethyst_overflow_temple_binary, old_standard_altar,
          ashenzari_altar_1, lemuel_round_altar, first_bread
D:3:      marbit_many_paths
D:4:      vehumet_altar_wand_db, lemuel_coloured_pillars_altar,
          nicolae_overflow_hidden_temple, kiku_gazebo_pond_becter,
          grunt_ministairs_8

Skill      XL: |  1  2  3  4 |
---------------+-------------+-----
Fighting       | 2 |  2.5
Axes           | 3 4 |  4.3
Throwing       | 2 |  2.0
Dodging        | 3 |  3.0
Armour         | |  0.8
Stealth        | |  0.7

Action                   |  1- 3 |  4- 6 || total
-------------------------+-------+-------++-------
Melee: War axe           |    99 |    65 ||   164
       Bite              |    25 |    14 ||    39
  Use: Potion            |       |     2 ||     2
 Stab: Sleeping          |     1 |     1 ||     2
  Eat: Chunk             |       |     3 ||     3
Armor: Leather armour    |    39 |    13 ||    52
Dodge: Dodged            |    79 |    57 ||   136

Table legend:
 A = Spawn XP
 B = Non-spawn XP
 C = Spawn XP percentage of total XP
 D = Spawn monster count
 E = Non-spawn monster count
 F = Spawn count percentage of total count
 G = Total turns spent on level
                    A         B        C        D         E        F      G
               +---------+---------+-------+---------+---------+-------+---------
         Total |       0 |     252 |   0.0 |       0 |      69 |   0.0 |  1753
               +---------+---------+-------+---------+---------+-------+---------
           D:1 |       0 |      50 |   0.0 |       0 |      30 |   0.0 |   570
           D:2 |       0 |      58 |   0.0 |       0 |      18 |   0.0 |   490
           D:3 |       0 |     144 |   0.0 |       0 |      21 |   0.0 |   687
               +---------+---------+-------+---------+---------+-------+---------
